 Dungeon Crawl Stone Soup version 0.19.0-19-g8c6edcc (webtiles) character file.

7340 JeffiDaFish the Blocker (level 11, -2/99 HPs)
             Began as a Gargoyle Fighter on Nov 13, 2016.
             Was a Believer of Makhleb.
             Slain by a six-headed hydra (5 damage)
             ... on level 1 of the Lair of Beasts.
             The game lasted 00:21:15 (8290 turns).

JeffiDaFish the Blocker (Gargoyle Fighter)          Turns: 8290, Time: 00:21:16

Health: -2/99      AC: 29    Str: 29    XL:     11   Next: 13%
Magic:  11/11      EV:  6    Int:  9    God:    Makhleb [**....]
Gold:   487        SH: 19    Dex: 10    Spells: 0 memorised, 10 levels left

rFire  . . .     SeeInvis +     a - +5 flail (crush)
rCold  . . .     Gourm    .     e - +0 plate armour
rNeg   + . .     Faith    .     z - +0 large shield
rPois  ∞         Spirit   .     (no helmet)
rElec  +         Reflect  .     r - +2 cloak of Inviolability {MR+}
rCorr  .         Harm     .     (no gloves)
MR     +....                    i - +2 pair of boots
Stlth  ..........               (no amulet)
                                x - ring of wizardry
                                h - ring of see invisible

@: berserking, very quick
A: icy blue scales 1, negative energy resistance 1, screaming 1, electricity
resistance, strong 1, unbreathing, petrification resistance, rot immunity, AC +7
a: Minor Destruction, Renounce Religion


You were on level 1 of the Lair of Beasts.
You worshipped Makhleb.
Makhleb was pleased with you.
You were not hungry.

You visited 3 branches of the dungeon, and saw 12 of its levels.

You collected 487 gold pieces.

Inventory:

Hand Weapons
 a - a +5 flail of crushing (weapon)
Armour
 e - a +0 plate armour (worn)
 i - a +2 pair of boots (worn)
 r - the +2 cloak of Inviolability (worn) {MR+}
   (You found it on level 5 of the Dungeon)

   It affects your resistance to hostile enchantments.
 z - a +0 large shield (worn)
Jewellery
 h - a ring of see invisible (left hand)
 x - a ring of wizardry (right hand)
Wands
 b - a wand of iceblast (9/15)
Scrolls
 c - 4 scrolls of remove curse
 g - 2 scrolls of magic mapping
 j - 3 scrolls of recharging
 k - 3 scrolls of fear
 l - 6 scrolls of identify
Potions
 d - 5 potions of might
 o - 5 potions of flight
 p - 3 potions of agility
 w - 2 potions of ambrosia
Books
 q - the Compendium of Transmigration and Flight
   (You found it on level 5 of the Dungeon)

   Spells                             Type                      Level
   a - Repel Missiles                 Charms/Air                   2
   b - Mephitic Cloud                 Conjuration/Poison/Air       3
   c - Ice Form                       Ice/Transmutation            4
   d - Summon Lightning Spire         Summoning/Air                4
   e - Deflect Missiles               Charms/Air                   6
Comestibles
 f - 8 bread rations
 m - 5 meat rations
 s - a slice of pizza
 u - 2 beef jerkies
 v - 8 fruits


   Skills:
 + Level 6.4 Fighting
 + Level 10.4 Maces & Flails
 + Level 7.0 Armour
 + Level 3.8 Dodging
 + Level 0.5 Stealth
 + Level 11.2 Shields


You had 10 spell levels left.
You didn't know any spells.

Dungeon Overview and Level Annotations

Branches:
Dungeon (9/15)             Temple (1/1) D:6            Lair (2/6) D:9
  Swamp: Lair:2-4    Shoals: Lair:2-4     Snake: Lair:2-4    Spider: Lair:2-4
    Orc: D:9-12

Altars:
Ashenzari
Cheibriados
Fedhas
Gozag
Hepliaklqana
Kikubaaqudgha
Makhleb
Nemelex Xobeh
Okawaru
Qazlal
Ru
Sif Muna
Trog
Uskayaw
Vehumet
Xom
Yredelemnul
Zin
The Shining One


Innate Abilities, Weirdness & Mutations

You are resistant to torment.
Your stone body is resilient. (AC +7)
You are immune to poison.
You resist negative energy. (rN+)
You are resistant to electric shocks. (rElec)
You can survive without breathing.
You are immune to petrification.
You are immune to rotting.
You are partially covered in icy blue scales. (AC +2)
You occasionally shout uncontrollably at your foes.
Your muscles are strong. (Str +2)


Message History

You block the six-headed hydra's attack.
The six-headed hydra bites you.
* * * LOW HITPOINT WARNING * * *
The six-headed hydra barely misses you.
You block the six-headed hydra's attack.
The six-headed hydra bites you but does no damage. x2
A red film seems to cover your vision as you go berserk!
You feel yourself moving faster!
You feel mighty!
The six-headed hydra bites you but does no damage.
The six-headed hydra barely misses you.
You block the six-headed hydra's attack.
The six-headed hydra bites you.
* * * LOW HITPOINT WARNING * * *
You block the six-headed hydra's attack.
The six-headed hydra bites you but does no damage.
The komodo dragon bites you but does no damage.
You completely miss the six-headed hydra.
The six-headed hydra is moderately wounded.
The six-headed hydra bites you.
You die...

..........#...P...P........'.#.##
.........###....P.P..###.###.#...
P#........##.........# ### #.#.##
...÷.....# ##♣.....♣P### #.....
###..#.### ♣#....###≈### ###'## #
#..# #.#..≈.[.≈.## #..## #.##
#..≈.≈≈≈≈≈≈.###.P#.
##+.##########.Dl≈≈≈≈≈≈≈≈.#.....
#........##....@≈≈≈≈≈≈≈≈≈≈......
#........#...##≈≈≈≈≈..≈≈≈≈≈....÷
##...........###.≈≈≈≈>.≈≈≈≈≈.....
##........P.## #.≈≈≈≈≈.≈≈≈.#.....
##........'.# #.≈≈≈≈≈≈≈≈≈≈#.....
.'........### #..≈≈≈≈≈≈≈≈.......
.#........# ##≈≈≈≈≈≈≈..##.....
#.###P##'## ##.......###..... ###
####.# #.P.##### ###.P.


You could see a six-headed hydra and a komodo dragon.

Vanquished Creatures
  A hydra (Lair:1)
  The ghost of Tegga21 the Spear-Bearer, a novice MfEE of Okawaru (D:8)
  2 spiny frogs
  4 hippogriffs
  A wyvern (D:9)
  6 yaks
  A hungry ghost (D:8)
  3 water moccasins (Lair:1)
  A sky beast (D:9)
  2 porcupines (Lair:1)
  2 orc warriors
  4 ice beasts
  5 phantoms
  4 ogres
  A centaur (D:6)
  A crocodile (Lair:2)
  A bullfrog (D:9)
  2 scorpions
  3 wights (D:6)
  A jelly (D:7)
  3 crimson imps
  5 hounds
  5 orc priests
  14 orc wizards
  3 iguanas
  2 centaur skeletons (D:8)
  4 worker ants
  A hound zombie (D:8)
  7 gnolls (D:4)
  5 adders
  2 shadow imps
  2 oozes
  2 adder skeletons
  2 adder zombies
  4 worms
  4 leopard geckos
  37 orcs
  A ball python (D:3)
  8 bats
  5 giant cockroaches
  20 goblins
  8 hobgoblins
  6 jackals
  5 quokkas
  A ball python skeleton (D:4)
  4 frilled lizards
  A jackal zombie (D:5)
  2 kobolds (D:2)
  5 rats
214 creatures vanquished.

Notes
Turn   | Place    | Note
-------+----------+-------------------------------------------
     0 | D:1      | JeffiDaFish the Gargoyle Fighter began the quest for the Orb.
     0 | D:1      | Reached XP level 1. HP: 14/14 MP: 1/1
   106 | D:1      | Reached XP level 2. HP: 19/19 MP: 2/2
   821 | D:2      | Reached XP level 3. HP: 17/23 MP: 3/3
  1475 | D:3      | Reached XP level 4. HP: 28/28 MP: 4/4
  1513 | D:3      | Found a deep blue altar of Sif Muna.
  1760 | D:3      | Reached skill level 4 in Shields
  1763 | D:3      | Reached XP level 5. HP: 30/32 MP: 5/5
  2149 | D:4      | Noticed a phantom
  2175 | D:4      | Killed a phantom
  2175 | D:4      | Reached skill level 1 in Dodging
  2175 | D:4      | Reached XP level 6. HP: 24/38 MP: 6/6
  2304 | D:4      | Noticed a phantom
  2329 | D:4      | Killed a phantom
  2367 | D:4      | Reached skill level 5 in Maces & Flails
  2367 | D:4      | Reached XP level 7. HP: 18/43 MP: 7/7
  2992 | D:4      | Gained mutation: You occasionally shout uncontrollably at your foes. [potion of mutation]
  2992 | D:4      | Gained mutation: You are partially covered in icy blue scales. (AC +2) [potion of mutation]
  2992 | D:4      | Gained mutation: Your muscles are strong. (Str +2) [potion of mutation]
  3210 | D:5      | Entered Level 5 of the Dungeon
  3429 | D:5      | HP: 2/44 [ogre/giant spiked club (21)]
  3433 | D:5      | Reached skill level 5 in Shields
  3790 | D:5      | Reached XP level 8. HP: 48/48 MP: 8/8
  3813 | D:5      | Found a shattered altar of Ashenzari.
  3817 | D:5      | Found a radiant altar of Vehumet.
  3817 | D:5      | Found a glowing golden altar of the Shining One.
  3817 | D:5      | Found a hazy altar of Hepliaklqana.
  3899 | D:5      | Reached skill level 5 in Armour
  3986 | D:5      | Identified the Compendium of Transmigration and Flight
  4106 | D:5      | Got a warped cloak
  4112 | D:5      | Identified the +2 cloak of Inviolability {MR+} (You found it on level 5 of the Dungeon)
  4205 | D:5      | Found a blossoming altar of Fedhas.
  4331 | D:6      | Reached skill level 5 in Fighting
  4702 | D:6      | Found a staircase to the Ecumenical Temple.
  4710 | Temple   | Entered the Ecumenical Temple
  4748 | Temple   | Became a worshipper of Makhleb the Destroyer
  4845 | D:6      | Reached skill level 6 in Shields
  5342 | D:7      | Reached XP level 9. HP: 54/54 MP: 9/9
  5375 | D:7      | Found a shimmering altar of Xom.
  5422 | D:7      | Found a stormy altar of Qazlal.
  5802 | D:8      | Found a hide-covered altar of Uskayaw.
  5805 | D:8      | Noticed Tegga21's ghost (novice MfEE)
  5831 | D:8      | Killed Tegga21's ghost
  5831 | D:8      | Reached skill level 7 in Shields
  5886 | D:8      | Found a bloodstained altar of Trog.
  5905 | D:8      | Found a basalt altar of Yredelemnul.
  6136 | D:8      | Reached * piety under Makhleb
  6392 | D:8      | Found a faded altar of an unknown god.
  6392 | D:8      | Found a faded altar of an unknown god.
  6397 | D:8      | Found an ancient bone altar of Kikubaaqudgha.
  6399 | D:8      | Found a faded altar of an unknown god.
  6400 | D:8      | Found a faded altar of an unknown god.
  6413 | D:8      | Reached skill level 8 in Shields
  6831 | D:9      | Reached XP level 10. HP: 60/60 MP: 10/10
  6938 | D:9      | Reached ** piety under Makhleb
  7048 | D:9      | Reached skill level 9 in Shields
  7212 | D:9      | Found a staircase to the Lair.
  7418 | D:9      | Found a blossoming altar of Fedhas.
  7644 | Lair:1   | Entered Level 1 of the Lair of Beasts
  7795 | Lair:1   | Noticed a spiny frog
  7806 | Lair:1   | Killed a spiny frog
  7806 | Lair:1   | Reached skill level 10 in Shields
  7975 | Lair:1   | You fall through a shaft!
  7978 | Lair:2   | Noticed a spiny frog
  7984 | Lair:2   | Reached skill level 10 in Maces & Flails
  7995 | Lair:2   | Killed a spiny frog
  8017 | Lair:2   | Reached XP level 11. HP: 35/65 MP: 11/11
  8175 | Lair:1   | Noticed a four-headed hydra
  8183 | Lair:1   | Killed a four-headed hydra
  8183 | Lair:1   | Reached skill level 11 in Shields
  8281 | Lair:1   | Noticed a six-headed hydra
  8289 | Lair:1   | HP: 2/99 [six-headed hydra (4)]
  8290 | Lair:1   | Slain by a six-headed hydra

Skill      XL: |  1  2  3  4  5  6  7  8  9 10 11 |
---------------+----------------------------------+-----
Maces & Flails | 3 4 5 6 7 8 10 | 10.4
Armour         | 4 5 6 7 |  7.0
Shields        | 4 5 6 8 10 11 | 11.2
Fighting       | 4 5 6 |  6.4
Dodging        | 1 2 3 |  3.8
Stealth        | |  0.5

Action                   |  1- 3 |  4- 6 |  7- 9 | 10-12 || total
-------------------------+-------+-------+-------+-------++-------
Melee: Flail             |   153 |   123 |   519 |   224 ||  1019
  Use: Scroll            |     7 |       |     8 |     2 ||    17
       Potion            |     2 |     1 |     3 |     1 ||     7
  Eat: Chunk             |     2 |     3 |    16 |     5 ||    26
Armor: Scale mail        |    77 |    39 |   177 |       ||   293
       Plate armour      |       |       |    19 |   184 ||   203
       Chain mail        |       |       |    17 |       ||    17
Dodge: Dodged            |    34 |    25 |    82 |    46 ||   187
Block: Shield            |     6 |       |       |       ||     6
       Large shield      |   118 |   107 |   410 |   289 ||   924
